 Dungeon Crawl Stone Soup version bcrawl-1.27.8b (webtiles) character file.

Game seed: 14428220018664454296

194978 LostNumber the Sneak (level 7, -1/40 HPs)
             Began as a Vine Stalker Archaeologist on Nov 11, 2020.
             Slain by Menkaure (15 damage)
             ... on level 5 of the Dungeon.
             The game lasted 00:04:41 (3766 turns).

LostNumber the Sneak (Vine Stalker Archaeologist)   Turns: 3766, Time: 00:04:42

Health: -1/40      AC: 11    Str: 15    XL:     7   Next: 25%
Magic:  8/8        EV: 14    Int: 14    God:
Gold:   257        SH:  0    Dex: 13    Spells: 6/6 levels left

rFire    . . .     SeeInvis .   f - +7 quick blade
rCold    . . .     Gourm    .   (no shield)
rNeg     . . .     Faith    .   b - +1 robe
rPois    .         Spirit   .   s - +1 helmet
rElec    .         Reflect  .   h - +0 cloak
rCorr    .         Harm     .   o - +2 pair of gloves
MR       .....                  A - +1 pair of boots
Stlth    +++.......             (no amulet)
HPRegen  0.53/turn              (no ring)
MPRegen  0.11/turn              (no ring)

@: no status effects
A: fangs 3, regeneration 1, no potion heal 3, rot immunity, strong jaws
a: no special abilities


You were on level 5 of the Dungeon.
You were hungry.

You visited 1 branch of the dungeon, and saw 5 of its levels.

You collected 257 gold pieces.

Inventory:

Hand Weapons
 a - a +0 whip
 f - a +7 quick blade (weapon)
   (You acquired it on level 3 of the Dungeon)
 n - a +0 dagger
   (You took it off a goblin on level 1 of the Dungeon)
 y - a +3 short sword
   (You took it off an orc on level 3 of the Dungeon)
Armour
 b - a +1 robe (worn)
 c - a +1 hat
 h - a +0 cloak (worn)
   (You found it on level 4 of the Dungeon)
 o - a +2 pair of gloves (worn)
   (You found it on level 1 of the Dungeon)
 s - a +1 helmet (worn)
   (You took it off Robin on level 1 of the Dungeon)
 A - a +1 pair of boots (worn)
Jewellery
 x - an uncursed amulet of guardian spirit {unknown}
   (You found it on level 2 of the Dungeon)
 E - a +3 ring of evasion {unknown}
   (You found it on level 4 of the Dungeon)
Wands
 d - a wand of iceblast (8)
   (You found it on level 3 of the Dungeon)
Scrolls
 g - a scroll of magic mapping
 j - 8 scrolls of identify {@r1}
 m - 2 scrolls of fog {unknown}
 r - 2 scrolls of enchant weapon {unknown}
 u - a scroll of amnesia {unknown}
 v - 2 scrolls of teleportation {unknown}
 z - 2 scrolls of remove curse {unknown}
Potions
 i - a potion of haste {unknown}
 k - 3 potions of flight {unknown}
 l - a potion of agility {unknown}
 p - 6 potions of curing {unknown}
 q - 3 potions of mutation {unknown}
 t - a potion of might {unknown}
 w - a potion of heal wounds {unknown}
 B - a potion of cancellation {unknown}
 D - a potion of brilliance {unknown}
Comestibles
 e - 7 rations {!d!d}
 C - 2 chunks of flesh


   Skills:
 + Level 2.7 Fighting
 * Level 4.7 Short Blades
 - Level 0.8 Maces & Flails
 + Level 4.2 Dodging
 + Level 6.0 Stealth


You had 6 spell levels left.
You didn't know any spells.
Your spell library was empty.

Dungeon Overview and Level Annotations

Branches:
Dungeon (5/12)
 Temple: D:4-7

Altars:
Fedhas
Gozag
Trog
Yredelemnul
Zin

Annotations:
D:2 1 runed door
D:5 Menkaure


Innate Abilities, Weirdness & Mutations

You have razor-sharp teeth.
Your natural rate of healing is unusually fast.
Potions cannot restore your health.
You are immune to rotting.
Your bites deal extra damage.


Message History

Natasha hisses angrily.
Natasha casts a spell at you.
You easily resist.
Natasha casts a spell at you. The magic dart hits you.
You closely miss Natasha. Natasha closely misses you.
You hit Natasha. You puncture Natasha! Natasha completely misses you.
You puncture Natasha!
You kill Natasha!
You feel Natasha's spirit has finally been put to rest.
No target in view!
q - 3 fuming green potions (gained 1)
You butcher the felid corpse of Natasha.
C - 2 chunks of flesh You see here the felid skeleton of Natasha. x2
Done exploring.
Done exploring.
Done exploring.
Done exploring.
There is a stone staircase leading up here.
There is a stone staircase leading down here.
You climb downwards.
Found a fuming orange potion, 125 stones and 19 gold pieces.
There is a stone staircase leading up here.
p - 6 fuming orange potions (gained 1)
There is a stone staircase leading up here.
Menkaure, Prince of Dust comes into view.
You have encountered a dangerous foe!
Found 8 gold pieces.
Found 193 stones.
Menkaure shouts!
Menkaure calls on the powers of darkness!
Your body is wracked with pain!
You see here 19 gold pieces.
You hit Menkaure but do no damage. Menkaure barely misses you.
You puncture Menkaure! Your bite misses Menkaure. You barely miss Menkaure.
You hit Menkaure but do no damage.
Menkaure calls on the powers of darkness!
Your body is wracked with pain!
* * * LOW HITPOINT WARNING * * *
You hit Menkaure. You puncture Menkaure!
Menkaure casts a spell.
Menkaure seems to speed up.
You are feeling hungry.
You barely miss Menkaure. You hit Menkaure but do no damage. You bite Menkaure.
Menkaure hits you!
You die...

#. #. #.# #
..#### #.#....
. ... #$#M#
#.#@# #...#
.####.#$#
...(....#####.#
.######.......#
##.###### #.#
#.# #<#


You could see Menkaure.

Vanquished Creatures
  Duvessa (D:4)
  Dowan (D:4)
  2 crimson imps
  A hound (D:4)
  Natasha (thrice) (D:4)
  3 worker ants
  Robin (D:1)
  3 adders
  2 oozes
  A worm (D:2)
  A dart slug (D:1)
  6 leopard geckos
  7 orcs
  A ball python (D:1)
  4 giant cockroaches
  10 goblins
  11 hobgoblins
  3 jackals (D:3)
  A quokka (D:3)
  3 bats (D:1)
  A jackal skeleton (D:4)
  A jackal zombie (D:3)
  5 kobolds (D:2)
  A quokka skeleton (D:4)
  9 rats
82 creatures vanquished.

Notes
Turn   | Place    | Note
-------+----------+-------------------------------------------
     0 | D:1      | LostNumber the Vine Stalker Archaeologist began the quest
                  | for the Orb.
     0 | D:1      | Reached XP level 1. HP: 11/11 MP: 2/2
    25 | D:1      | Reached skill level 1 in Fighting
   172 | D:1      | Reached XP level 2. HP: 12/16 MP: 3/3
   616 | D:1      | Reached XP level 3. HP: 20/20 MP: 4/4
   990 | D:2      | Reached skill level 1 in Short Blades
  1052 | D:2      | Noticed Robin
  1116 | D:1      | Killed Robin
  1275 | D:2      | Reached XP level 4. HP: 18/25 MP: 5/5
  1314 | D:2      | Found a glowing silver altar of Zin.
  1330 | D:2      | Found a blossoming altar of Fedhas.
  1358 | D:2      | Found an opulent altar of Gozag.
  1551 | D:2      | Found a runed door.
  1601 | D:2      | Found a bloodstained altar of Trog.
  2188 | D:3      | Reached XP level 5. HP: 29/29 MP: 6/6
  2188 | D:3      | Identified a scroll of acquirement
  2430 | D:3      | Found a faded altar of an unknown god.
  2488 | D:3      | Reached skill level 5 in Stealth
  2578 | D:3      | Found a basalt altar of Yredelemnul.
  3110 | D:4      | Gained mutation: You have razor-sharp teeth. [Vine Stalker
                  | growth]
  3110 | D:4      | Reached XP level 6. HP: 35/35 MP: 7/7
  3131 | D:4      | Noticed Natasha
  3138 | D:4      | Killed Natasha
  3172 | D:4      | Noticed Natasha
  3182 | D:4      | Killed Natasha
  3325 | D:4      | Noticed Dowan
  3331 | D:4      | Noticed Duvessa
  3332 | D:4      | Killed Dowan
  3379 | D:4      | Killed Duvessa
  3379 | D:4      | Reached skill level 6 in Stealth
  3379 | D:4      | Reached XP level 7. HP: 10/40 MP: 8/8
  3675 | D:4      | Noticed Natasha
  3683 | D:4      | Killed Natasha
  3747 | D:5      | Entered Level 5 of the Dungeon
  3753 | D:5      | Noticed Menkaure
  3766 | D:5      | Slain by Menkaure

Skill      XL: |  1  2  3  4  5  6 |
---------------+-------------------+-----
Fighting       | 1 2 |  2.7
Short Blades   | 2 3 4 |  4.7
Stealth        | 5 6 |  6.0
Dodging        | 4 |  4.2
Maces & Flails | |  0.8

Action                   |  1- 3 |  4- 6 |  7- 9 || total
-------------------------+-------+-------+-------++-------
Melee: Whip              |    55 |       |       ||    55
       Dagger            |   101 |   166 |       ||   267
       Bite              |    11 |    23 |     1 ||    35
       Short sword       |       |     4 |       ||     4
       Quick blade       |       |    78 |    13 ||    91
  Use: Scroll            |       |     1 |       ||     1
 Stab: Sleeping          |     9 |    14 |       ||    23
  Eat: Chunk             |     5 |    11 |     1 ||    17
Armor: Robe              |    49 |    62 |       ||   111
Dodge: Dodged            |    90 |   109 |     4 ||   203
